 Dungeon Crawl Stone Soup version 0.25-a0-294-gea9b1ad378 (webtiles) character file.

Game seed: 7666822879260256406, levelgen mode: deterministic

393 Error4North the Chopper (level 6, 0/53 HPs)
             Began as a Hill Orc Fighter on Dec 19, 2019.
             Succumbed to a worker ant's poison
             ... in the Ecumenical Temple.
             The game lasted 00:12:08 (2929 turns).

Error4North the Chopper (Hill Orc Fighter)          Turns: 2929, Time: 00:12:09

Health: 0/53       AC:  8    Str: 21    XL:     6   Next: 81%
Magic:  8/8        EV:  8    Int:  8    God:
Gold:   164        SH:  9    Dex:  8    Spells: 8/8 levels left

rFire    . . .     SeeInvis .   a - +0 war axe
rCold    . . .     Gourm    .   c - +0 shield
rNeg     . . .     Faith    .   b - +0 scale mail
rPois    .         Spirit   .   t - +0 helmet
rElec    .         Reflect  .   (no cloak)
rCorr    .         Harm     .   (no gloves)
MR       .....                  (no boots)
Stlth    ..........             (no amulet)
HPRegen  0.17/turn              (no ring)
MPRegen  0.11/turn              (no ring)

@: lethally poisoned (0 -> -12), hasted, very quick
A: claws 1, blink, clumsy 1
a: Blink


You were in the Ecumenical Temple.
You were hungry.

You visited 2 branches of the dungeon, and saw 5 of its levels.

You collected 164 gold pieces.

Inventory:

Hand Weapons
 a - a +0 war axe (weapon)
 o - a +0 hunting sling
 y - a +2 mace of protection
 A - a +1 flail of holy wrath
Missiles
 j - 50 stones (quivered)
 u - 23 sling bullets
Armour
 b - a +0 scale mail (worn)
 c - a +0 shield (worn)
 t - a +0 helmet (worn)
Scrolls
 e - 2 scrolls of fog {unknown}
 i - 2 scrolls of remove curse {unknown}
 l - 3 scrolls of enchant weapon {unknown}
 m - 2 scrolls of fear {unknown}
 n - 3 scrolls of teleportation {unknown}
 p - 3 scrolls of amnesia {unknown}
 q - 2 scrolls of magic mapping {unknown}
 w - a scroll of immolation {unknown}
 x - a scroll of enchant armour {unknown}
 z - a scroll of identify {unknown}
Potions
 d - a potion of might
 g - a potion of haste
 k - 4 potions of curing {unknown}
 r - a potion of lignification {unknown}
 s - a potion of agility
Comestibles
 f - 4 rations


   Skills:
 + Level 4.4 Fighting
 + Level 5.3 Axes
 + Level 0.7 Slings
 + Level 0.1(0.4) Throwing
 + Level 4.1 Armour
 + Level 0.7 Dodging
 * Level 5.1 Shields
 * Level 1.5 Spellcasting


You had 8 spell levels left.
You didn't know any spells.
Your spell library was empty.

Dungeon Overview and Level Annotations

Branches:
Dungeon (4/15)             Temple (1/1) D:4

Altars:
The Shining One

Annotations:
D:4 Ijyb


Innate Abilities, Weirdness & Mutations

You have sharp fingernails.
You can translocate small distances at will.
You are clumsy. (Dex -2)


Message History

You closely miss the worker ant.
The worker ant is almost dead.
* * * LOW HITPOINT WARNING * * *
You feel very sick.
The worker ant bites you but does no damage.
You block the worker ant's attack.
You hit the worker ant.
You kill the worker ant!
* * * LOW HITPOINT WARNING * * *
You feel sick.
* * * LOW HITPOINT WARNING * * *
You feel sick.
* * * LOW HITPOINT WARNING * * *
You feel sick.
It was a potion of haste.
You feel yourself speed up.
* * * LOW HITPOINT WARNING * * *
You feel sick.
It was a potion of mutation.
You feel extremely strange.
Your fingernails lengthen.
You feel clumsy.
You feel jittery.
You die...

### ##......#
#..## #.......#
#.... #.......#
#._.##.......#
..#........
##'....#####
####.....##...#
##......#'#....#
#....@.##......#
........##.......#
........#....<...#
........#......#.#
........#........#
##################


There were no monsters in sight!

Vanquished Creatures
  Edmund (D:4)
  A crimson imp (D:3)
  A hound (D:4)
  An orc priest (D:4)
  Terence (D:3)
  A worker ant (Temple)
  Robin (D:3)
  2 adders
  An ooze (D:1)
  4 dart slugs
  6 leopard geckos
  7 orcs (D:4)
  2 giant cockroaches (D:1)
  13 goblins
  12 hobgoblins
  4 jackals (D:1)
  8 kobolds
  2 quokkas (D:3)
  10 bats
  A frilled lizard (D:1)
  8 rats
87 creatures vanquished.

Notes
Turn   | Place    | Note
-------+----------+-------------------------------------------
     0 | D:1      | Error4North the Hill Orc Fighter began the quest for the
                  | Orb.
     0 | D:1      | Reached XP level 1. HP: 19/19 MP: 1/1
    49 | D:1      | Reached XP level 2. HP: 27/27 MP: 2/2
   410 | D:1      | Reached XP level 3. HP: 33/33 MP: 3/3
  1375 | D:2      | Reached XP level 4. HP: 39/40 MP: 4/4
  1917 | D:3      | Noticed Robin
  1937 | D:3      | Killed Robin
  2302 | D:3      | Reached XP level 5. HP: 40/46 MP: 6/6
  2559 | D:3      | Reached skill level 1 in Spellcasting
  2564 | D:3      | Noticed Terence
  2577 | D:3      | Killed Terence
  2706 | D:4      | Noticed a slave
  2706 | D:4      | Noticed a slave
  2781 | D:4      | Noticed Edmund
  2789 | D:4      | Killed Edmund
  2789 | D:4      | Reached skill level 5 in Axes
  2789 | D:4      | Reached skill level 5 in Shields
  2789 | D:4      | Reached XP level 6. HP: 42/53 MP: 6/8
  2890 | D:4      | Found a staircase to the Ecumenical Temple.
  2894 | D:4      | Noticed Ijyb
  2900 | Temple   | Entered the Ecumenical Temple
  2927 | Temple   | HP: 2/53 [poisoned by a worker ant]
  2929 | Temple   | Gained mutation: You have sharp fingernails. [potion of
                  | mutation]
  2929 | Temple   | Gained mutation: You are clumsy. (Dex -2) [potion of
                  | mutation]
  2929 | Temple   | Gained mutation: You can translocate small distances at
                  | will. [potion of mutation]
  2929 | Temple   | Succumbed to a worker ant's poison

Levels and vault maps discovered:
D:1:      psy_arrival_radial02, layout_rooms, serial_forest,
          infiniplex_forest_3_way, infiniplex_forest_diagonal,
          infiniplex_forest_lined_corner, infiniplex_forest_lined_1,
          infiniplex_forest_straight_2
D:2:      wad_pebble_path, layout_basic, ebering_dispersal_statue_hall,
          minivault_5
D:3:      layout_loops_ring, wad_floor_pattern_untrapped,
          kennysheep_generic_room_4, uniq_terence, uniq_robin
D:4:      layout_loops_ring, old_standard_altar, minmay_temple_entry_glass,
          first_ration, gammafunk_ghost_smash, nicolae_tso_besieged_by_evil,
          uniq_edmund, uniq_pikel, uniq_ijyb
Temple:   regret_index_temple_generic_petals

Skill      XL: |  1  2  3  4  5 |
---------------+----------------+-----
Axes           | 3 4 5 |  5.3
Shields        | 4 5 |  5.1
Fighting       | 4 |  4.4
Spellcasting   | 1 |  1.5
Armour         | 4 |  4.1
Slings         | |  0.7
Throwing       | |  0.1
Dodging        | |  0.7

Action                   |  1- 3 |  4- 6 || total
-------------------------+-------+-------++-------
Melee: War axe           |   122 |   159 ||   281
 Fire: Hunting sling     |       |     5 ||     5
Throw: Stone             |     4 |       ||     4
  Use: Potion            |       |     3 ||     3
  Eat: Chunk             |     1 |     2 ||     3
       Ration            |       |     1 ||     1
Armor: Scale mail        |    57 |    77 ||   134
Dodge: Dodged            |    47 |    24 ||    71
Block: Shield            |    83 |    92 ||   175

Table legend:
 A = Non-vault XP
 B = Vault XP
 C = Vault XP percentage of total XP
 D = Non-vault monster count
 E = Vault monster count
 F = Vault count percentage of total count
                 A         B        C        D         E       F
            +---------+---------+-------+---------+---------+-------
      Total |     328 |     234 |  41.6 |      71 |      16 |  18.4
            +---------+---------+-------+---------+---------+-------
        D:1 |      64 |       0 |   0.0 |      33 |       0 |   0.0
        D:2 |      40 |       0 |   0.0 |      15 |       0 |   0.0
        D:3 |      83 |      80 |  49.1 |      13 |      15 |  53.6
        D:4 |     105 |     154 |  59.5 |       9 |       1 |  10.0
     Temple |      36 |       0 |   0.0 |       1 |       0 |   0.0
            +---------+---------+-------+---------+---------+-------
